A+
FORT MYERS MIRACLE @ SALEM RED SOX
05/15/2024
 
TOP OF THE 1ST
Fort Myers Miracle batting - Pitching for Salem Red Sox : RHP Cristian Mena
Pitching: RHP Cristian Mena
Batting: RHB Freddy Zamora 0-0: Called Strike
0-1: Ball
1-1: Ball
2-1: Swinging Strike
2-2: Ground out 2-3 (Groundball, 13S, EV 67.5 MPH)
Batting: RHB Jonathan Ornelas 0-0: Ball
1-0: Foul Ball, location: 3FF
1-1: Foul Ball, location: 5DF
1-2: Foul Ball, location: 2F
1-2: Strikes out swinging
Batting: RHB Dylan Crews 0-0: Ball
1-0: Foul Ball, location: 5F
1-1: Called Strike
1-2: Strikes out looking
Top of the 1st over - 0 runs, 0 hits, 0 errors, 0 left on base; Fort Myers 0 - Salem 0
BOTTOM OF THE 1ST
Salem Red Sox batting - Pitching for Fort Myers Miracle : RHP Tyler Brown
Pitching: RHP Tyler Brown
Batting: RHB Jett Williams 0-0: Foul Ball, location: 23F
0-1: Foul Ball, location: 2F
0-2: Ball
1-2: Ground out 4-3 (Groundball, 4, EV 81.3 MPH)
Batting: SHB Jayce Easley 0-0: Swinging Strike
0-1: Ball
1-1: Ball
2-1: Ball
3-1: Called Strike
3-2: Base on Balls
Batting: LHB Gavin Cross 0-0: Ball
1-0: Foul Ball, location: 2F
1-1: Called Strike
1-2: Ball
2-2: Ball
3-2: Strikes out looking
Batting: RHB Robert Perez Jr. 0-0: Called Strike
0-1: Called Strike
0-2: Ball
1-2: Foul Ball, location: 5SF
1-2: Ball
2-2: Ball
3-2: Base on Balls
Jayce Easley to second
Batting: SHB BJ Murray Jr. 0-0: Ball
1-0: Ball
2-0: Ball
3-0: Called Strike
3-1: Called Strike
3-2: Fly out, F7 (Flyball, 7, EV 92.5 MPH)
Bottom of the 1st over - 0 runs, 0 hits, 0 errors, 2 left on base; Fort Myers 0 - Salem 0
TOP OF THE 2ND
Fort Myers Miracle batting - Pitching for Salem Red Sox : RHP Cristian Mena
Batting: RHB Orelvis Martinez 0-0: Called Strike
0-1: Ball
1-1: Fly out, F8 (Line Drive, 8RD, EV 91.9 MPH)
Batting: RHB Jack Herman 0-0: Called Strike
0-1: Swinging Strike
0-2: Strikes out swinging
Batting: RHB Tony Bullard 0-0: Ball
1-0: Called Strike
1-1: Ground out U3 (Groundball, 34, EV 78.8 MPH)
Top of the 2nd over - 0 runs, 0 hits, 0 errors, 0 left on base; Fort Myers 0 - Salem 0
BOTTOM OF THE 2ND
Salem Red Sox batting - Pitching for Fort Myers Miracle : RHP Tyler Brown
Batting: RHB Jake MacKenzie 0-0: Foul Ball, location: 2F
0-1: Swinging Strike
0-2: Ball
1-2: Ball
2-2: Foul Ball, location: 23F
2-2: Foul Ball, location: 3FF
2-2: Ball
3-2: Fly out, F8 (Flyball, 8LM, EV 99.4 MPH)
Batting: RHB Pedro Pages 0-0: Called Strike
0-1: Swinging Strike
0-2: Strikes out looking
Batting: SHB Frainyer Chavez 0-0: Ball
1-0: Foul Ball, location: 5SF
1-1: Ground out U3 (Groundball, 34S, EV 86.3 MPH)
Bottom of the 2nd over - 0 runs, 0 hits, 0 errors, 0 left on base; Fort Myers 0 - Salem 0
TOP OF THE 3RD
Fort Myers Miracle batting - Pitching for Salem Red Sox : RHP Cristian Mena
Batting: RHB Jose Mujica 0-0: Ball
1-0: Foul Ball, location: 9LDF
1-1: Foul Ball, location: 2F
1-2: Ball
2-2: Strikes out swinging
Batting: LHB Kellum Clark 0-0: Called Strike
0-1: Called Strike
0-2: SINGLE (Flyball, 9LS, EV 85.0 MPH)
Batting: RHB Kevin Richards 0-0: Swinging Strike
0-1: Fly out, F6 (Popup, 15S, EV 82.5 MPH)
Batting: RHB Freddy Zamora 0-0: Ground out 4-3 (Groundball, 34, EV 100.6 MPH)
Top of the 3rd over - 0 runs, 1 hit, 0 errors, 1 left on base; Fort Myers 0 - Salem 0
BOTTOM OF THE 3RD
Salem Red Sox batting - Pitching for Fort Myers Miracle : RHP Tyler Brown
Batting: RHB Andrew Pinckney 0-0: Ball
1-0: Ground out 1-3 (Groundball, 13S, EV 65.6 MPH)
Batting: RHB Jett Williams 0-0: SINGLE (Line Drive, 6MD, EV 95.6 MPH)
Batting: SHB Jayce Easley 0-0: Foul Ball, location: 2F
0-1: Foul Ball, location: 5FF
0-2: Strikes out swinging
Batting: LHB Gavin Cross 0-0: Called Strike
0-1: Ball
1-1: Foul Ball, location: 7LDF
1-2: Ball
2-2: Strikes out swinging
Bottom of the 3rd over - 0 runs, 1 hit, 0 errors, 1 left on base; Fort Myers 0 - Salem 0
TOP OF THE 4TH
Fort Myers Miracle batting - Pitching for Salem Red Sox : RHP Cristian Mena
Batting: RHB Jonathan Ornelas 0-0: Ball
1-0: Ball
2-0: Foul Ball, location: 7LMF
2-1: DOUBLE (Line Drive, 8RXD, EV 87.5 MPH)
Batting: RHB Dylan Crews 0-0: 2-RUN HOME RUN (Flyball, 9LD, EV 98.8 MPH), Distance : 362 ft
Batting: RHB Orelvis Martinez 0-0: Foul Ball, location: 25FF
0-1: Foul Ball, location: 3SF
0-2: Strikes out swinging
Batting: RHB Jack Herman 0-0: Called Strike
0-1: Called Strike
0-2: Ball
1-2: Ball
2-2: Strikes out swinging
Batting: RHB Tony Bullard 0-0: Ball
1-0: Fly out, F9 (Flyball, 89S, EV 93.1 MPH)
Top of the 4th over - 2 runs, 2 hits, 0 errors, 0 left on base; Fort Myers 2 - Salem 0
BOTTOM OF THE 4TH
Salem Red Sox batting - Pitching for Fort Myers Miracle : RHP Tyler Brown
Batting: RHB Robert Perez Jr. 0-0: Ball
1-0: Ball
2-0: Called Strike
2-1: Swinging Strike
2-2: Ball
3-2: Base on Balls
Batting: SHB BJ Murray Jr. 0-0: Ball
1-0: Called Strike
1-1: Called Strike
1-2: Ball
2-2: Strikes out swinging
Batting: RHB Jake MacKenzie 0-0: Ball
1-0: Ball
2-0: Ball
3-0: Base on Balls
Robert Perez Jr. to second
Batting: RHB Pedro Pages 0-0: Ball
1-0: Ball
2-0: Ball
3-0: Base on Balls
Robert Perez Jr. to third
Jake MacKenzie to second
Batting: SHB Frainyer Chavez 0-0: Foul Ball, location: 25FF
0-1: Called Strike
0-2: Strikes out swinging
Batting: RHB Andrew Pinckney 0-0: Foul Ball, location: 2F
0-1: Ball
1-1: Ball
2-1: Swinging Strike
2-2: Strikes out swinging
Bottom of the 4th over - 0 runs, 0 hits, 0 errors, 3 left on base; Fort Myers 2 - Salem 0
TOP OF THE 5TH
Fort Myers Miracle batting - Pitching for Salem Red Sox : RHP Cristian Mena
Batting: RHB Jose Mujica 0-0: Called Strike
0-1: Called Strike
0-2: Foul Ball, location: 3FF
0-2: SINGLE (Groundball, 6MD, EV 94.4 MPH)
Batting: LHB Kellum Clark 0-0: Sac Bunt to 25 - play at first, batter OUT! 5-3
Jose Mujica to second
Batting: RHB Kevin Richards 0-0: Ball
1-0: Called Strike
1-1: 2-RUN HOME RUN (Flyball, 78XD, EV 111.9 MPH), Distance : 416 ft
Batting: RHB Freddy Zamora 0-0: Called Strike
0-1: Foul Ball, location: 3FF
0-2: Ball
1-2: Foul Ball, location: 2F
1-2: Ball
2-2: Foul Ball, location: 2F
2-2: Foul Ball, location: 2F
2-2: Fly out, F8 (Flyball, 8LD, EV 97.5 MPH)
Batting: RHB Jonathan Ornelas 0-0: Ball
1-0: Ball
2-0: Called Strike
2-1: Fly out, F8 (Flyball, 8LM, EV 85.6 MPH)
Top of the 5th over - 2 runs, 2 hits, 0 errors, 0 left on base; Fort Myers 4 - Salem 0
BOTTOM OF THE 5TH
Salem Red Sox batting - Pitching for Fort Myers Miracle : RHP Tyler Brown
Batting: RHB Jett Williams 0-0: Fly out, F4 (Popup, 34D, EV 69.4 MPH)
Batting: SHB Jayce Easley 0-0: Swinging Strike
0-1: Swinging Strike
0-2: Strikes out swinging
Pitching: RHP Yeremin Lara
Batting: LHB Gavin Cross 0-0: Called Strike
0-1: Foul Ball, location: 7LDF
0-2: Ball
1-2: Strikes out looking
Bottom of the 5th over - 0 runs, 0 hits, 0 errors, 0 left on base; Fort Myers 4 - Salem 0
TOP OF THE 6TH
Fort Myers Miracle batting - Pitching for Salem Red Sox : RHP Cristian Mena
Batting: RHB Dylan Crews 0-0: Called Strike
0-1: Ball
1-1: DOUBLE (Groundball, 5L, EV 95.0 MPH)
Batting: RHB Orelvis Martinez 0-0: Ball
1-0: Ball
2-0: Ball
3-0: Base on Balls
Batting: RHB Jack Herman 0-0: Called Strike
0-1: Ball
1-1: Ball
2-1: Foul Ball, location: 2F
2-2: Strikes out swinging
Batting: RHB Tony Bullard 0-0: Ball
1-0: Swinging Strike
1-1: Ball
2-1: Swinging Strike
2-2: 3-RUN HOME RUN (Flyball, 8LXD, EV 110.6 MPH), Distance : 432 ft
Pitching: RHP Joel Hurtado
Batting: RHB Jose Mujica 0-0: Swinging Strike
0-1: Foul Ball, location: 25FF
0-2: SINGLE (Groundball, 5D, EV 105.6 MPH)
Batting: LHB Kellum Clark 0-0: Ball
1-0: Called Strike
1-1: SINGLE (Groundball, 34D, EV 96.3 MPH)
Jose Mujica to second
Runner from 2nd tries for 3rd, SAFE, throw by RF made to third
Batting: RHB Kevin Richards 0-0: Ball
1-0: Foul Ball, location: 2RF
1-1: Foul Ball, location: 5FF
1-2: DOUBLE (Flyball, 8RXD, EV 111.3 MPH)
Jose Mujica scores
Kellum Clark to third
Batting: RHB Freddy Zamora 0-0: Called Strike
0-1: Ball
1-1: Ball
Wild Pitch!
Kellum Clark scores
Kevin Richards to third
2-1: Ball
3-1: Foul Ball, location: 9LSF
3-2: Strikes out swinging, 2-3 out at first.
Batting: RHB Jonathan Ornelas 0-0: Foul Ball, location: 3SF
0-1: 2-RUN HOME RUN (Flyball, 7D, EV 97.5 MPH), Distance : 394 ft
Pitching: RHP Ryne Moore
Batting: RHB Dylan Crews 0-0: Called Strike
0-1: Ball
1-1: Called Strike
1-2: Strikes out swinging
Top of the 6th over - 7 runs, 6 hits, 0 errors, 0 left on base; Fort Myers 11 - Salem 0
BOTTOM OF THE 6TH
Salem Red Sox batting - Pitching for Fort Myers Miracle : RHP Yeremin Lara
Batting: RHB Robert Perez Jr. 0-0: Ball
1-0: Foul Ball, location: 3F
1-1: Swinging Strike
1-2: Fly out, F8 (Flyball, 8RD, EV 102.5 MPH)
Batting: SHB BJ Murray Jr. 0-0: Ball
1-0: Ball
2-0: Ground out U3 (Groundball, 34, EV 110.0 MPH)
Batting: RHB Jake MacKenzie 0-0: Called Strike
0-1: Ball
1-1: Called Strike
1-2: Ball
2-2: SINGLE (Groundball, 6MD, EV 99.4 MPH)
Batting: RHB Pedro Pages 0-0: Called Strike
Jake MacKenzie steals 2nd base
0-1: Ball
1-1: Called Strike
1-2: Foul Ball, location: 5FF
1-2: Foul Ball, location: 5F
1-2: SINGLE (Line Drive, 89M, EV 100.6 MPH)
Jake MacKenzie to third
Runner from 3rd tries for Home, SAFE, throw by RF to home
Pedro Pages to second
Batting: SHB Frainyer Chavez 0-0: Ball
1-0: Ball
2-0: Foul Ball, location: 2F
2-1: Foul Ball, location: 9LSF
2-2: Strikes out swinging
Bottom of the 6th over - 1 run, 2 hits, 0 errors, 1 left on base; Fort Myers 11 - Salem 1
TOP OF THE 7TH
Fort Myers Miracle batting - Pitching for Salem Red Sox : RHP Ryne Moore
Pinch Hitting: SHB Sauryn Lao 0-0: Called Strike
0-1: Fly out, F7 (Flyball, 7D, EV 103.1 MPH)
Batting: RHB Jack Herman 0-0: Ball
1-0: Ball
2-0: Called Strike
2-1: SINGLE (Groundball, 4MD, EV 108.1 MPH)
Batting: RHB Tony Bullard 0-0: Called Strike
0-1: Called Strike
0-2: Ball
1-2: Ball
2-2: Strikes out swinging
Batting: RHB Jose Mujica 0-0: Ball
1-0: Fielders Choice at 2nd, 6-4 (Groundball, 6, EV 103.8 MPH)
Top of the 7th over - 0 runs, 1 hit, 0 errors, 1 left on base; Fort Myers 11 - Salem 1
BOTTOM OF THE 7TH
Salem Red Sox batting - Pitching for Fort Myers Miracle : RHP Yeremin Lara
Now at 1B: Sauryn Lao
Now at 3B: Tony Bullard
Pinch Hitting: RHB Nick Altermatt 0-0: Fly out, F8 (Flyball, 8LD, EV 89.4 MPH)
Batting: RHB Jett Williams 0-0: Fly out, F7 (Flyball, 7LM, EV 91.9 MPH)
Batting: SHB Jayce Easley 0-0: Called Strike
0-1: Called Strike
0-2: Ball
1-2: Foul Ball, location: 7LSFF
1-2: SINGLE (Line Drive, 78S, EV 104.4 MPH)
Batting: LHB Gavin Cross 0-0: Called Strike
0-1: DOUBLE (Line Drive, 9LM, EV 101.9 MPH)
Jayce Easley to third
Batting: RHB Robert Perez Jr. 0-0: Ball
1-0: Swinging Strike
1-1: Swinging Strike
1-2: Foul Ball, location: 25F
1-2: Foul Ball, location: 2LF
1-2: SINGLE (Groundball, 5S, EV 75.6 MPH) (infield hit)
Jayce Easley scores
Gavin Cross to third
Pitching: RHP Sam Bower
Batting: SHB BJ Murray Jr. 0-0: Called Strike
0-1: SINGLE (Line Drive, 9S, EV 91.9 MPH)
Gavin Cross scores
Robert Perez Jr. to second
Runner from 2nd tries for 3rd, SAFE, throw by RF made to third
Batting: RHB Jake MacKenzie 0-0: SINGLE (Flyball, 6D, EV 95.6 MPH)
Robert Perez Jr. scores
BJ Murray Jr. to second
Runner from 2nd tries for 3rd, SAFE, no throw by CF
Batting: RHB Pedro Pages 0-0: Ball
1-0: Foul Ball, location: 2F
1-1: Ball
2-1: Foul Ball, location: 9LDF
2-2: Foul Ball, location: 5F
2-2: Foul Ball, location: 9LMF
2-2: SINGLE (Groundball, 56, EV 101.3 MPH)
BJ Murray Jr. scores
Jake MacKenzie to second
Runner from 2nd tries for 3rd, OUT! 7-5
Bottom of the 7th over - 4 runs, 6 hits, 0 errors, 1 left on base; Fort Myers 11 - Salem 5
TOP OF THE 8TH
Fort Myers Miracle batting - Pitching for Salem Red Sox : RHP Ryne Moore
Pitching: LHP Brendan Cellucci
Now in CF: Frainyer Chavez
Now in RF: Nick Altermatt
Batting: LHB Kellum Clark 0-0: Called Strike
0-1: Ball
1-1: Foul Ball, location: 7LMF
1-2: Strikes out swinging
Batting: RHB Kevin Richards 0-0: Called Strike
0-1: Foul Ball, location: 9LSF
0-2: Ball
1-2: Ball
2-2: Fly out, F6 (Popup, P, EV 73.1 MPH)
Batting: RHB Freddy Zamora 0-0: Foul Ball, location: 3F
0-1: Foul Ball, location: 9LMF
0-2: DOUBLE (Line Drive, 9LM, EV 88.8 MPH)
Pitching: RHP Leonardo Taveras
Batting: RHB Jonathan Ornelas 0-0: Ball
1-0: Foul Ball, location: 2F
1-1: Ball
2-1: Swinging Strike
2-2: Strikes out swinging
Top of the 8th over - 0 runs, 1 hit, 0 errors, 1 left on base; Fort Myers 11 - Salem 5
BOTTOM OF THE 8TH
Salem Red Sox batting - Pitching for Fort Myers Miracle : RHP Sam Bower
Batting: SHB Frainyer Chavez 0-0: Ball
1-0: Foul Ball, location: 9LMF
1-1: Ball
2-1: DOUBLE (Line Drive, 8LD, EV 104.4 MPH)
Pinch Hitting: LHB Tucker Bradley 0-0: Called Strike
0-1: Ground out 3-1 (Groundball, 34S, EV 86.9 MPH)
Frainyer Chavez to third
Batting: RHB Jett Williams 0-0: Called Strike
0-1: Fly out, F8 (Flyball, 89M, EV 93.8 MPH)
Runner from 3rd tags up, SCORES, throw by CF
Batting: SHB Jayce Easley 0-0: Ball
1-0: Ball
2-0: Foul Ball, location: 2F
2-1: Fly out, F9 (Flyball, 89M, EV 83.1 MPH)
Bottom of the 8th over - 1 run, 1 hit, 0 errors, 0 left on base; Fort Myers 11 - Salem 6
TOP OF THE 9TH
Fort Myers Miracle batting - Pitching for Salem Red Sox : RHP Leonardo Taveras
Now in RF: Tucker Bradley
Batting: RHB Dylan Crews 0-0: Foul Ball, location: 3DF
0-1: Ground out 1-3 (Groundball, 34S, EV 68.8 MPH)
Batting: SHB Sauryn Lao 0-0: Ball
1-0: Fly out, F5 (Popup, 6S, EV 71.3 MPH)
Batting: RHB Jack Herman 0-0: Called Strike
0-1: Foul Ball, location: 2F
0-2: Ball
1-2: SINGLE (Line Drive, 7LS, EV 101.3 MPH)
Batting: RHB Tony Bullard 0-0: Called Strike
0-1: Ball
1-1: Foul Ball, location: 9LDF
1-2: Strikes out looking
Top of the 9th over - 0 runs, 1 hit, 0 errors, 1 left on base; Fort Myers 11 - Salem 6
BOTTOM OF THE 9TH
Salem Red Sox batting - Pitching for Fort Myers Miracle : RHP Sam Bower
Batting: LHB Gavin Cross 0-0: Ball
1-0: Foul Ball, location: 7LMF
1-1: Foul Ball, location: 9LMF
1-2: Ball
2-2: Ball
3-2: Foul Ball, location: 25F
3-2: DOUBLE (Flyball, 8LXD, EV 101.3 MPH)
Pitching: RHP Zane Morehouse
Batting: RHB Robert Perez Jr. 0-0: Ball
1-0: Foul Ball, location: 5FF
1-1: Reached on error, E4 (Groundball, 34, EV 87.5 MPH)
Gavin Cross to third
Batting: SHB BJ Murray Jr. 0-0: Ball
1-0: Swinging Strike
1-1: Ball
2-1: Ball
3-1: Foul Ball, location: 3F
3-2: Base on Balls
Robert Perez Jr. to second
Batting: RHB Jake MacKenzie 0-0: Ball
1-0: Ball
2-0: Ball
3-0: Called Strike
3-1: Swinging Strike
3-2: Fly out, F2 (Popup, 2LF, EV 97.5 MPH)
Batting: RHB Pedro Pages 0-0: Called Strike
0-1: Swinging Strike
0-2: Strikes out swinging
Batting: SHB Frainyer Chavez 0-0: Called Strike
0-1: Ball
1-1: Ball
2-1: Foul Ball, location: 2F
2-2: Ball
3-2: Base on Balls
Gavin Cross scores
Robert Perez Jr. to third
BJ Murray Jr. to second
Pitching: RHP Grant Anderson
Batting: LHB Tucker Bradley 0-0: Swinging Strike
0-1: Foul Ball, location: 5F
0-2: Ball
1-2: Ball
2-2: Strikes out looking
Bottom of the 9th over - 1 run, 1 hit, 1 error, 3 left on base; Fort Myers 11 - Salem 7
Friday, March 22nd , 2024 - OOTP Baseball 24.11 Build 85